cohdb
Replays
Latest Replays
All Replays
Popular Replays
Top Player Replays
Match Explorer
How It Works
Community
CoH3 Stats
Reddit
Sign in to upload your games and track your stats! →
Sign in with Steam
Match 38309199
Unlisted
Match 38309199
Overview
Messages
Build Orders
End
Vickers Machine Gun Team
Construct Section Command Post
Infantry Section
Dingo Light Scout Car
Construct Platoon Command Post
Humber Armored Car
Infantry Section
Royal Engineer Section
Selects Heavy Armor Battlegroup
Selects Rigorous Vehicle Training
6-pounder Anti-tank Gun Team
Construct Company Command Post
Selects Crusader AA Medium Tank
Foot Guards Section
Unlock M3 Grant Medium Tanks
M3 Grant Medium Tank
Grenade Package
M3 Grant Medium Tank
ML 3-inch Mortar Team
Foot Guards Section
Esdra
dracfireblack
Microsoft Outlook
deadsadbadmad
0
0
Comments
sign in to comment!
No comments posted yet!